 Dungeon Crawl Stone Soup version 0.23.1-37-gaa34b87b72 (webtiles) character file.

Game seed: 10846972073722294509

1665 GGGomer the Cleaver (level 9, -4/75 HPs)
             Began as a Hill Orc Fighter on Mar 25, 2019.
             Was an Initiate of Okawaru.
             Killed from afar by an electric eel (9 damage)
             ... with a bolt of electricity
             ... on level 7 of the Dungeon.
             The game lasted 00:13:42 (5952 turns).

GGGomer the Cleaver (Hill Orc Fighter)              Turns: 5952, Time: 00:13:43

Health: -4/75      AC: 13    Str: 22    XL:     9   Next: 1%
Magic:  9/9        EV:  9    Int:  8    God:    Okawaru [......]
Gold:   382        SH: 10    Dex: 10    Spells: 8/8 levels left

rFire    + + .     SeeInvis .   a - +1 war axe
rCold    + . .     Gourm    .   c - +0 shield
rNeg     . . .     Faith    .   I - +0 chain mail
rPois    .         Spirit   .   u - +1 helmet
rElec    .         Reflect  .   l - scarf {rC+ rF+}
rCorr    .         Harm     .   E - +0 pair of gloves
MR       .....                  (no boots)
Stlth    ..........             (no amulet)
HPRegen  0.22/turn              k - ring of protection from fire
MPRegen  0.11/turn              n - +2 ring of evasion

@: very slow
A: no striking features
a: Renounce Religion


You were on level 7 of the Dungeon.
You worshipped Okawaru.
Okawaru was noncommittal.
You were not hungry.

You visited 1 branch of the dungeon, and saw 7 of its levels.

You collected 382 gold pieces.

Inventory:

Hand Weapons
 a - a +1 war axe (weapon)
Missiles
 h - 188 stones (quivered)
 s - 81 bolts
 t - 8 tomahawks
 y - 10 sling bullets
 A - 166 arrows
Armour
 c - a +0 shield (worn)
 l - a scarf of resistance (worn)
 u - a +1 helmet (worn)
 E - a +0 pair of gloves (worn)
 I - a +0 chain mail (worn)
Jewellery
 j - a +5 ring of protection {unknown}
 k - a ring of protection from fire (left hand)
 n - a +2 ring of evasion (right hand)
 p - an uncursed ring of protection from fire
 F - a +3 ring of strength {unknown}
Wands
 w - a wand of digging (5)
 x - a wand of flame (16)
 B - a wand of random effects (11)
 G - a wand of clouds (5)
Scrolls
 e - 3 scrolls of remove curse
 m - a scroll of enchant weapon
 v - 2 scrolls of amnesia
 C - 2 scrolls of enchant armour
 D - 3 scrolls of identify
 H - a scroll of teleportation
Potions
 b - a potion of degeneration {unknown}
 d - 2 potions of might
 g - a potion of haste
 i - 2 potions of curing
 o - a potion of berserk rage {unknown}
 q - 3 potions of heal wounds {unknown}
 r - a potion of resistance {unknown}
 z - a potion of magic {unknown}
Comestibles
 f - 12 rations


   Skills:
 + Level 6.0 Fighting
 + Level 9.9 Axes
 + Level 6.4 Armour
 + Level 1.9 Dodging
 + Level 0.4 Stealth
 + Level 5.8 Shields


You had 8 spell levels left.
You didn't know any spells.
Your spell library was empty.

Dungeon Overview and Level Annotations

Branches:
Dungeon (7/15)
 Temple: D:4-7

Altars:
Dithmenos
Hepliaklqana
Okawaru
Qazlal
Vehumet
Xom


Message History

The electric eel shoots out a bolt of lightning at you!
The bolt of electricity hits you!
* * * LOW HITPOINT WARNING * * *
The bolt of electricity hits the plant!
The plant is destroyed!
Okay, then.
The electric eel shoots out a bolt of lightning at you!
The bolt of electricity hits you!
* * * LOW HITPOINT WARNING * * *
You feel better.
The electric eel shoots out a bolt of lightning at you!
The bolt of electricity hits you!
* * * LOW HITPOINT WARNING * * *
You enter the shallow water.
Moving in this stuff is going to be slow.
Your unstable footing causes you to fumble your attack.
You barely miss the electric eel.
The electric eel shoots out a bolt of lightning at you!
The bolt of electricity hits you!
You die...

## .. #.. .... #♣≈♣♣♣≈...
#♣≈≈≈♣≈≈≈.. ≈≈≈≈≈≈≈≈≈≈
#♣≈≈P≈≈≈≈≈P ##♣≈≈≈≈≈≈≈≈≈≈
#####P≈≈@;≈P≈≈≈≈≈
##....♣≈≈..≈♣≈≈≈≈≈≈≈≈P♣###
.......≈≈...≈≈.≈.≈≈♣≈♣.#.#
#..........$.............
.#≈≈≈≈.≈................
#≈≈♣≈≈≈≈≈≈≈≈≈≈.........
###≈♣≈P≈≈≈≈≈≈≈♣........
####.<.≈♣≈≈♣♣≈P≈♣.........
#....###♣♣♣♣ ♣♣♣..[.......


You could see an electric eel.

Vanquished Creatures
  Sigmund (D:6)
  A necrophage (D:6)
  2 centaurs
  2 ogres
  2 bullfrogs
  A water moccasin zombie (D:5)
  2 scorpions
  A jelly (D:6)
  A howler monkey (D:7)
  An electric eel (D:7)
  A bullfrog zombie (D:5)
  A centaur zombie (D:7)
  2 crimson imps
  An orc priest (D:6)
  A hound (D:6)
  3 iguanas
  2 bullfrog skeletons
  4 worker ants
  3 orc wizards
  Robin (D:2)
  3 worker ant zombies (D:5)
  3 adders
  An ooze (D:3)
  5 worms
  3 dart slugs
  3 leopard geckos
  14 orcs
  A ball python (D:2)
  2 giant cockroaches
  13 goblins
  4 hobgoblins
  4 quokkas
  6 bats
  5 frilled lizards
  A jackal skeleton (D:5)
  4 kobolds
  4 rats
109 creatures vanquished.

Vanquished Creatures (others)
  A plant (D:7)
1 creature vanquished.

Grand Total: 110 creatures vanquished

Notes
Turn   | Place    | Note
-------+----------+-------------------------------------------
     0 | D:1      | GGGomer the Hill Orc Fighter began the quest for the Orb.
     0 | D:1      | Reached XP level 1. HP: 19/19 MP: 1/1
   475 | D:1      | Reached XP level 2. HP: 27/27 MP: 2/2
   838 | D:2      | Reached skill level 3 in Axes
   937 | D:2      | Noticed Robin
   965 | D:2      | Killed Robin
   965 | D:2      | Reached XP level 3. HP: 26/33 MP: 3/3
  1581 | D:3      | Reached XP level 4. HP: 39/40 MP: 4/4
  1678 | D:3      | Reached skill level 4 in Axes
  1732 | D:3      | Found a shimmering altar of Xom.
  2482 | D:4      | Reached XP level 5. HP: 41/47 MP: 5/5
  2615 | D:4      | Noticed an ogre
  2624 | D:4      | Killed an ogre
  2624 | D:4      | Reached skill level 5 in Axes
  2624 | D:4      | Reached XP level 6. HP: 17/53 MP: 6/6
  2965 | D:4      | Reached skill level 5 in Armour
  2965 | D:4      | Reached skill level 1 in Dodging
  3177 | D:4      | Reached skill level 6 in Axes
  3457 | D:5      | Entered Level 5 of the Dungeon
  3469 | D:5      | Reached XP level 7. HP: 56/60 MP: 7/7
  3558 | D:5      | Reached skill level 7 in Axes
  3671 | D:5      | Reached skill level 5 in Fighting
  4105 | D:5      | Reached skill level 5 in Shields
  4190 | D:6      | Reached skill level 8 in Axes
  4190 | D:6      | Reached XP level 8. HP: 68/68 MP: 8/8
  4196 | D:6      | Noticed Sigmund
  4207 | D:6      | Killed Sigmund
  4546 | D:6      | Reached skill level 9 in Axes
  4792 | D:6      | Found a hazy altar of Hepliaklqana.
  4801 | D:6      | Found an iron altar of Okawaru.
  5038 | D:6      | Found a stormy altar of Qazlal.
  5109 | D:6      | Found a radiant altar of Vehumet.
  5110 | D:6      | Found a shadowy altar of Dithmenos.
  5451 | D:6      | Became a worshipper of Warmaster Okawaru
  5947 | D:7      | Reached XP level 9. HP: 26/74 MP: 9/9
  5952 | D:7      | Killed from afar by an electric eel

Skill      XL: |  1  2  3  4  5  6  7  8 |
---------------+-------------------------+-----
Axes           | 3 4 5 6 8 9 |  9.9
Fighting       | 4 5 6 |  6.0
Armour         | 4 5 6 |  6.4
Shields        | 4 5 |  5.8
Dodging        | 1 |  1.9
Stealth        | |  0.4

Action                   |  1- 3 |  4- 6 |  7- 9 || total
-------------------------+-------+-------+-------++-------
Melee: War axe           |    89 |   162 |   198 ||   449
  Use: Scroll            |       |     9 |       ||     9
       Potion            |       |       |     3 ||     3
  Eat: Chunk             |     2 |     4 |       ||     6
       Ration            |       |     3 |     1 ||     4
Armor: Scale mail        |    32 |    70 |    55 ||   157
       Chain mail        |       |       |    10 ||    10
Dodge: Dodged            |    35 |    62 |    59 ||   156
Block: Shield            |    38 |    77 |    96 ||   211
